FIQ, chaotic female sylph Rogue ---- --..-- .....| --- --..M---.---- ---- ---- --.%E..<...| --..---- |..---- |..d......| --------......-- |.....-- --.(.......| |..--..........| |......---%...--...------------..........--..| ----................................--.|.||--- |........---------------------...-------.-- -------- |.........| |.%-...| |..[| --...--.---.........| ---- --..--.-----.-- ---.......%..........-- ---..----|.......|.^.| |................[..-- --.......--...---.|.---- |.....---.(....(....------------............----....|.| --..--- --[.................................|--.*..-^.| ---- |..---........---.-...)......>....-||......--- ---- |...---..| |...........|......|--...--- ----- ---- --------.|.---.--.-- ----- ----- ------ FIQ the Rogue Experience level: 6 Strength: 15 Dexterity: 20 Constitution: 13 Intelligence: 11 Wisdom: 10 Charisma: 7 Health: 0(46) Energy: 34(34) Def: 0 Gold: 510 Moves: 2630 Dungeon seed: QJJIq9e0y6UeRcba Game ID: FIQ_1456758401 Your Inventory: Coins $ - 510 gold pieces Amulets J - a cursed amulet of restful sleep Weapons A - 10 uncursed rusty +0 daggers (wielded) U - 3 uncursed +1 daggers Armor e - an uncursed +0 dwarvish cloak (being worn) n - an uncursed +0 dwarvish cloak q - a blessed +1 pair of iron shoes r - an uncursed +0 dwarvish cloak Comestibles k - 3 uncursed lichen corpses V - an uncursed egg Scrolls o - an uncursed scroll of identify D - a blessed scroll of fire K - an uncursed scroll of enchant armor S - an uncursed scroll of teleportation W - a cursed scroll of blank paper Spellbooks T - an uncursed spellbook of healing Potions G - an uncursed potion of confusion L - an uncursed potion of object detection Wands E - an uncursed wand of make invisible (0:4) Tools b - an uncursed bag of holding d - an uncursed lock pick f - an uncursed sack l - an uncursed oil lamp (lit) (0:560) s - an uncursed stethoscope t - an uncursed blindfold M - an uncursed mirror Gems g - a cursed touchstone Contents of the bag of holding: an uncursed potion of extra healing an uncursed potion of gain energy 2 uncursed potions of healing an uncursed potion of object detection a blessed potion of paralysis an uncursed potion of sickness an uncursed wand of digging (0:7) an uncursed wand of enlightenment (0:11) an uncursed wand of opening (0:3) Spells and supernatural/magical abilities: Name Level Category Fail Memory h - healing 1 healing 44% 99% W - pray for help -- divine ? -- Your skills at the end: Miscellaneous Skills wands [Basic] Weapon Skills dagger [Basic] short sword [Basic] Spellcasting Skills healing spells [Basic] Final Attributes: You were piously aligned. You saw invisible. You had infravision. You were stealthy. You were protected from shape changers. You are dead. Vanquished creatures: a gnome king a dwarf lord a gnome mummy a wood nymph 3 Mordor orcs 5 gnome lords a gnomish wizard a black naga hatchling a gray ooze a giant ant a little dog 12 dwarves an iguana a monkey 3 orc zombies 3 hobbits 19 gnomes 2 garter snakes 2 jackals a kobold 7 newts 2 goblins 3 lichens 73 creatures vanquished. Voluntary challenges: You went without food. You did not adorn yourself with jewelry or accessories. You used a wielded weapon 225 times, starting on turn 12. You did not apply a unicorn horn. You read items or engraved 4 times, starting on turn 1503. You never genocided any monsters. You never polymorphed an object. You never changed form. You used no wishes. You never split a pudding. You never wrote Elbereth's name. You never violated your personal moral code. Dungeon overview: The Dungeons of Doom: levels 1 to 2 Level 1 a long staircase Level 2 stairs to The Gnomish Mines The Gnomish Mines: levels 3 to 6 Level 3 stairs to The Dungeons of Doom Level 4 Level 5 some shops, a temple to Mog, a magic chest, some fountains Level 6 <- You were here History has recorded: On T:1 you entered the Dungeons of Doom to retrieve the Amulet of Yendor! On T:338 you reached level 2 of The Dungeons of Doom. On T:603 you advanced to experience level 2. On T:671 you reached level 1 of The Gnomish Mines. On T:902 you advanced to experience level 3. On T:929 you advanced to experience level 4. On T:1046 you reached level 2 of The Gnomish Mines. On T:1116 you reached level 3 of The Gnomish Mines. On T:1133 you entered the Minetown temple On T:1294 you advanced to experience level 5. On T:1372 you opened a magic chest. On T:2051 you advanced to experience level 6. On T:2160 you reached level 4 of The Gnomish Mines. Score breakdown: Gold: 510 ( 51 points) Experience: 6 levels ( 500 points) Exploration: 6 levels ( 150 points) Discoveries: 20 items ( 1000 points) Variety of kills: 23 monsters ( 1150 points) Major goal: reached Minetown ( 500 points) Survival: died (score multiplied by 3) Total score: 10053 Latest messages: S - an uncursed scroll labeled THARR. o - an uncursed scroll of identify. G - an uncursed golden potion. L - an uncursed sky blue potion. E - an uncursed wand of make invisible. b - an uncursed bag called bag of holding. M - an uncursed looking glass. l - an uncursed oil lamp. s - an uncursed stethoscope. g - a cursed stone called touchstone. Looking inside the bag called bag of holding, you see a colored flash. A looking glass lands on the altar. There is a black flash as a stone called touchstone hits the altar. You stab the gnome mummy. The gnome mummy scratches you! You die... The sack is empty. The sack is empty. Final status: Goodbye FIQ the Rogue, killed by a gnome mummy... You died in The Gnomish Mines on dungeon level 6 with 10053 points, and 510 pieces of gold, after 2630 moves. You were level 6 with a maximum of 46 hit points when you died.